 Dungeon Crawl Stone Soup version 0.31-a0-844-gdc52ec4e09 (webtiles) character file.

Game seed: 9854809874678090219

2835 javelincjr the Sneak (level 9, 0/59 HPs)
             Began as an Octopode Conjurer on Sept 29, 2023.
             Shot with an arrow by a centaur (5 damage)
             ... while paralysed by a hornet
             ... on level 7 of the Dungeon.
             The game lasted 00:23:07 (6871 turns).

javelincjr the Sneak (Octopode Conjurer)            Turns: 6871, Time: 00:23:08

Health: 0/59       AC:  1    Str:  9    XL:     9   Next: 73%
Magic:  15/18      EV:  2    Int: 24    God:
Gold:   348        SH:  0    Dex: 16    Spells: 16/21 levels left

rFire   . . .        u - +4 spear of Lies {flame, rCorr Str+3 Dex+5 SInv}
rCold   . . .        e - +2 buckler
rNeg    + . .        (helmet restricted)
rPois   +            f - amulet of regeneration
rElec   .            d - ring of positive energy
rCorr   +            w - ring of poison resistance
SInv    +            (no ring)
Will    .....        (no ring)
Stlth   +++++        (no ring)
HPRegen 1.09/turn    (no ring)
MPRegen 0.16/turn    (no ring)
                     (no ring)

%: no passive effects
@: paralysed, very slightly contaminated
A: almost no armour, amphibious, 8 rings, camouflage 1, gelatinous body 1,
(nimble swimmer 1), tentacles
a: no special abilities


You were on level 7 of the Dungeon.
You visited 2 branches of the dungeon, and saw 8 of its levels.

You collected 348 gold pieces.

Inventory:

Hand Weapons
 b - a +4 hand axe of draining
 h - a +2 short sword of freezing
 k - a +4 short sword
 u - the +4 spear of Lies (weapon) {flame, rCorr Str+3 Dex+5 SInv}
   (You found it on level 4 of the Dungeon)

   Str+3:     It affects your strength (+3).
   Dex+5:     It affects your dexterity (+5).
   SInv:      It lets you see invisible.
   rCorr:     It protects you from acid and corrosion.
 z - a +4 spectral club
Missiles
 g - 14 poisoned darts
 j - 2 throwing nets
Armour
 e - a +2 buckler (worn)
 t - a +0 kite shield
 x - a +0 pair of gloves
Jewellery
 d - a ring of positive energy (left tentacle)
 f - an amulet of regeneration (around mantle)
 s - an amulet of guardian spirit
 w - a ring of poison resistance (right tentacle)
Wands
 y - a wand of polymorph (11)
 B - a wand of iceblast (6)
Scrolls
 c - 2 scrolls of teleportation
 l - 3 scrolls of enchant armour {unknown}
 m - 3 scrolls of blinking {unknown}
 o - 2 scrolls of immolation {unknown}
 q - a scroll of silence {unknown}
 v - 3 scrolls of revelation {unknown}
 A - a scroll of noise {unknown}
 D - a scroll of enchant weapon
Potions
 a - a potion of magic
 i - a potion of cancellation {unknown}
 n - 2 potions of lignification
 p - a potion of mutation {unknown}
 r - 5 potions of curing
 C - a potion of brilliance {unknown}
 E - a potion of ambrosia {unknown}
 F - 2 potions of haste {unknown}
 G - a potion of heal wounds {unknown}


   Skills:
 + Level 4.7 Fighting
 + Level 1.5 Polearms
 + Level 5.3 Dodging
 + Level 7.3 Stealth
 + Level 4.6 Shields
 * Level 6.5 Spellcasting
 + Level 6.3 Conjurations


You had 16 spell levels left.
You knew the following spells:

 Your Spells              Type           Power      Damage    Failure   Level
a - Magic Dart            Conj           100%       1d8       1%          1
b - Searing Ray           Conj           76%        2d7       1%          2
c - Call Imp              Summ           14%        N/A       17%         2

Your spell library contained the following spells:

 Spells                   Type           Power      Damage    Failure   Level
 Shock                    Conj/Air       92%        1d8       3%          1
 Dazzling Flash           Conj/Hex       46%        N/A       9%          3
 Mephitic Cloud           Conj/Pois/Air  17%        N/A       14%         3
 Iskenderun's Battlesphe  Conj           38%        2d9       22%         5
 Brom's Barrelling Bould  Conj/Erth      23%        2d4       30%         4
 Fulminant Prism          Conj/Hex       11%        3d8       30%         4
 Iskenderun's Mystic Bla  Conj/Tloc      23%        2d6       30%         4
 Swiftness                Air            7%         N/A       32%         3
 Fireball                 Conj/Fire      11%        3d7       63%         5
 Airstrike                Air            3%         2d(1-17)  73%         4
 Anguish                  Hex/Necr       3%         N/A       73%         4
 Cause Fear               Hex            3%         N/A       73%         4
 Conjure Ball Lightning   Conj/Air       11%        3x3d6     99%         6
 Enfeeble                 Hex            3%         N/A       100%        7
 Orb of Destruction       Conj           19%        9d8       100%        7


Dungeon Overview and Level Annotations

Branches:
Dungeon (7/15)             Temple (1/1) D:4

Altars:
Ashenzari
Cheibriados
Dithmenos
Elyvilon
Fedhas
Gozag
Hepliaklqana
Kikubaaqudgha
Makhleb
Nemelex Xobeh
Okawaru
Qazlal
Sif Muna
Trog
Uskayaw
Wu Jian
Xom
Yredelemnul
Zin
The Shining One

Shops:
D:5 (

Annotations:
D:4 Pikel
D:6 3 runed translucent doors, hattop's ghost, novice DrSh


Innate Abilities, Weirdness & Mutations

You cannot wear most types of armour.
You are amphibious.
You can wear up to eight rings at the same time.
Your skin changes colour to match your surroundings (Stealth+).
Your rubbery body absorbs attacks. (AC +1, EV +1)
((You are camouflaged when in or above water. (Stealth+)))
You have tentacles for arms and can constrict up to eight enemies at once.


Message History

Casting: Call Imp (safe; 17% risk of failure)
Confirm with . or Enter, or press ? or * to list all spells.
You miscast Call Imp.
You are very lightly contaminated with residual magic.
Nothing appears to happen.
The hornet buzzes angrily.
Casting: Call Imp (safe; 17% risk of failure)
Confirm with . or Enter, or press ? or * to list all spells.
A tiny devil pulls itself out of the air.
Your cerulean imp says, "I yield to your service, O grandiloquent and awesome ruler!"
You reach to attack!
You closely miss the hornet.
Your cerulean imp hits the hornet from afar with a -4 spear.
You hit the hornet but do no damage. You grab the hornet.
You squeeze the hornet.
The hornet is lightly wounded.
You constrict the hornet, but do no damage.
The hornet stings you!
You feel yourself slow down. The hornet stings you!
Your cerulean imp hits the hornet but does no damage.
You hit the hornet. You burn the hornet. You squeeze the hornet.
The hornet is moderately wounded.
You feel yourself speed up.
You constrict the hornet. The hornet barely misses you.
Your cerulean imp hits the hornet from afar with a -4 spear.
The hornet barely misses you.
A centaur comes into view.
The centaur shouts!
You hit the hornet. You burn the hornet.
The hornet is heavily wounded.
You constrict the hornet, but do no damage.
The hornet barely misses you.
Your cerulean imp completely misses the hornet.
The centaur wields a +1 orcbow of flaming.
It bursts into flame!
The centaur shoots an arrow.
The arrow hits you! The arrow burns you. The hornet stings you!
* * * LOW HITPOINT WARNING * * *
You suddenly lose the ability to move!
You lose your grip on the hornet.
The centaur shoots an arrow.
The arrow hits you!
* * * LOW HITPOINT WARNING * * *
The arrow burns you.
You die...

..# ..##...........# ..#####.#
#...........## <...#...#
#.......(..... ......##
#.c..........#
.......####...........#
..#..................?#
..#...............)...##########
..#...♣♣♣...# ##'#### #..§§....#
..#....♣.♣..###.@...###§§.§....#
..#.....♣...#.5.y.§............#
..##..........##.§§§≈≈≈≈§≈.....#
.. #.........###.≈§§§...§§.....##
.............###.≈.≈≈§≈≈§§§......
..#######...>....≈.≈_..§.§§....##
# ######...≈.≈≈≈.≈§≈§....##
#...≈...§§§§........
##.§≈≈≈≈≈≈≈≈≈.#.####


You could see a hornet (ally target), a centaur and a friendly cerulean imp
(summoned).

Vanquished Creatures
  Jeremiah (D:7)
  Grinder (D:4)
  Menkaure (D:4)
  A water moccasin (D:6)
  2 orc warriors
  3 black bears
  An ice beast (D:6)
  2 ogres
  4 lemures (D:4)
  A phantom (D:4)
  3 scorpions (D:6)
  5 wights (D:7)
  3 howler monkeys
  3 jellies
  A hound (D:5)
  Crazy Yiuf (D:6)
  A gnoll bouda (D:5)
  3 orc priests
  Ijyb (D:4)
  6 orc wizards
  2 iguanas (D:6)
  8 gnolls (D:5)
  10 adders
  An ufetubus (D:7)
  2 dart slugs
  31 orcs
  4 ball pythons
  4 endoplasms
  2 giant cockroaches
  7 goblins
  5 hobgoblins
  6 jackals
  9 kobolds
  4 quokkas
  7 bats
  A frilled lizard (D:3)
  5 rats
152 creatures vanquished.

Notes
Turn   | Place    | Note
-------+----------+-------------------------------------------
     0 | D:1      | javelincjr the Octopode Conjurer began the quest for the
                  | Orb.
     0 | D:1      | Reached XP level 1. HP: 11/11 MP: 3/3
   223 | D:1      | Reached XP level 2. HP: 17/17 MP: 0/5
   920 | D:2      | Reached XP level 3. HP: 22/22 MP: 2/6
  1000 | D:2      | Reached skill level 3 in Stealth
  1493 | D:2      | Reached skill level 1 in Fighting
  1886 | D:2      | Learned a level 2 spell: Searing Ray
  1996 | D:2      | Reached skill level 1 in Shields
  1996 | D:2      | Reached XP level 4. HP: 21/28 MP: 0/8
  2890 | D:4      | Noticed a black bear
  2953 | D:4      | Identified the +4 spear of Lies {flame, rCorr Str+3 Dex+5
                  | SInv}
  2955 | D:4      | Noticed a phantom
  2964 | D:4      | Killed a phantom
  2965 | D:4      | Reached XP level 5. HP: 29/33 MP: 1/9
  3055 | D:4      | Found a staircase to the Ecumenical Temple.
  3064 | Temple   | Entered the Ecumenical Temple
  3092 | D:4      | Found a burning altar of Makhleb.
  3175 | D:4      | Noticed a lemure
  3175 | D:4      | Noticed a lemure
  3175 | D:4      | Noticed a lemure
  3175 | D:4      | Noticed Pikel
  3175 | D:4      | Noticed a lemure
  3198 | D:4      | Killed a lemure
  3203 | D:4      | Killed a lemure
  3211 | D:4      | Killed a lemure
  3264 | D:4      | Killed a lemure
  3309 | D:4      | Killed a black bear
  3310 | D:4      | Reached skill level 4 in Stealth
  3310 | D:4      | Reached XP level 6. HP: 10/39 MP: 2/11
  3386 | D:4      | Noticed Menkaure
  3392 | D:4      | Killed Menkaure
  3416 | D:4      | Noticed Grinder
  3430 | D:4      | Killed Grinder
  3431 | D:4      | Reached XP level 7. HP: 13/45 MP: 11/13
  3696 | D:4      | Noticed Ijyb
  3705 | D:4      | Killed Ijyb
  3916 | D:5      | Entered Level 5 of the Dungeon
  3968 | D:5      | Reached skill level 5 in Conjurations
  3989 | D:5      | Reached skill level 5 in Stealth
  4207 | D:5      | Reached XP level 8. HP: 52/52 MP: 7/14
  5214 | D:5      | Found Wuexoj's Antique Weapon Shoppe.
  5384 | D:6      | Reached skill level 5 in Spellcasting
  5524 | D:6      | Reached skill level 6 in Stealth
  5677 | D:6      | Found a runed translucent gate.
  5677 | D:6      | Found a runed translucent gate.
  5677 | D:6      | Found a runed translucent gate.
  5682 | D:6      | Noticed a spectral unseen horror
  5682 | D:6      | Noticed hattop's ghost (novice DrSh)
  5823 | D:6      | Reached XP level 9. HP: 58/58 MP: 15/17
  6012 | D:6      | Reached skill level 5 in Dodging
  6113 | D:6      | Found a runed translucent door.
  6114 | D:6      | Noticed Crazy Yiuf
  6121 | D:6      | Killed Crazy Yiuf
  6326 | D:7      | Found a broken altar of Ashenzari.
  6330 | D:7      | Found an opulent altar of Gozag.
  6592 | D:7      | Reached skill level 7 in Stealth
  6593 | D:7      | Reached skill level 1 in Polearms
  6759 | D:7      | Noticed Jeremiah
  6800 | D:7      | Learned a level 2 spell: Call Imp
  6818 | D:7      | Killed Jeremiah
  6864 | D:7      | Noticed a hornet
  6870 | D:7      | Paralysed by a hornet for 2 turns
  6871 | D:7      | Shot with an arrow by a centaur

Illustrated notes

Levels and vault maps discovered:
D:1:      orjb1_clovarrival, layout_loops_ring
D:2:      layout_basic, minmay_close_crescents
D:3:      layout_rooms
D:4:      layout_loops_ring, mainiacjoe_overflow_surrounded_room,
          minmay_temple_entry_overgrown, uniq_pikel, uniq_menkaure, uniq_ijyb,
          uniq_grinder
D:5:      layout_rooms, serial_shops, nicolae_shop_overgrown_old_shop,
          serial_co_window_serial, co_window_paths_b, co_window_paths_b,
          co_window_corner_a, co_window_paths_b, co_window_paths_a,
          co_window_corner_a, co_window_of_opportunity_a, co_window_paths_c,
          co_window_unsneaky_path_a, co_window_broadway_c, co_window_paths_c,
          co_window_of_opportunity_c, co_window_cross_4, co_window_paths_d,
          glass_columns_a, glass_columns_b, glass_columns_a, glass_columns_a,
          glass_columns_a
D:6:      layout_basic, gammafunk_ghost_necromancy, kennysheep_generic_room_3,
          uniq_crazy_yiuf_cottage
D:7:      layout_basic, mainiacjoe_overflow_catwalk_spiral, chequers_garden,
          hex_large, uniq_jeremiah
Temple:   minmay_crystal_spiral_temple

Skill      XL: |  1  2  3  4  5  6  7  8  9 |
---------------+----------------------------+-----
Stealth        | 3 4 5 6 7 |  7.3
Fighting       | 1 2 3 4 |  4.7
Shields        | 1 2 3 4 |  4.6
Dodging        | 3 4 5 |  5.3
Spellcasting   | 3 4 5 6 |  6.5
Conjurations   | 5 6 |  6.3
Polearms       | 1 |  1.5

Action                     |  1- 3 |  4- 6 |  7- 9 || total
---------------------------+-------+-------+-------++-------
  Melee: Unarmed           |     2 |       |     3 ||     5
         Short sword       |    21 |    13 |       ||    34
         Tentacles         |     5 |    10 |    24 ||    39
         Constrict         |     3 |     9 |    21 ||    33
         Spear             |       |    39 |   104 ||   143
         Punch             |       |       |     1 ||     1
   Cast: Magic Dart        |    66 |    39 |   103 ||   208
         Searing Ray       |       |     4 |    19 ||    23
         Call Imp          |       |       |     2 ||     2
    Use: Scroll            |       |       |     7 ||     7
   Stab: Sleeping          |     1 |     2 |     3 ||     6
         Distracted        |       |       |     1 ||     1
 Armour: Skin              |     9 |    28 |    52 ||    89
  Dodge: Dodged            |    16 |    23 |    56 ||    95
  Block: Buckler           |     5 |    19 |    22 ||    46

Table legend: (Time is in decaauts)
 A = Elapsed time spent in this place.
 B = Non-inter-level travel time spent in this place.
 C = Inter-level travel time spent in this place.
 D = Time resting spent in this place.
 E = Time spent auto-exploring this place.
 F = Levels seen in this place.
 G = Mean time per level.
                   A        B        C        D        E       F      G
               +--------+--------+--------+--------+--------+-----+--------+
         Total |   6894 |   6661 |    233 |    412 |   5096 |   8 |  861.8 |
       Dungeon |   6892 |   6659 |    233 |    412 |   5096 |   7 |  984.6 |
        Temple |      1 |      1 |      0 |      0 |      0 |   1 |    1.0 |
               +--------+--------+--------+--------+--------+-----+--------+

Top non-repeatable levels by time:
     D:5: 1465 daAuts
     D:2: 1380 daAuts
     D:4: 960 daAuts
     D:6: 938 daAuts
     D:3: 811 daAuts
     D:1: 770 daAuts
     D:7: 565 daAuts
  Temple: 1 daAuts
